 Dungeon Crawl Stone Soup version 0.27.0-1-g7a089689b8 (webtiles) character file.

Game seed: 52001928718022245

13975 mimimomo the Eye of the Storm (level 11, -2/95 HPs)
             Began as a Purple Draconian Monk on Aug 4, 2021.
             Was a Priest of Qazlal.
             Killed from afar by an electric eel (15 damage)
             ... with a bolt of electricity
             ... on level 11 of the Dungeon.
             The game lasted 00:33:07 (15517 turns).

mimimomo the Eye of the Storm (DrMo)               Turns: 15517, Time: 00:33:08

Health: -2/95      AC: 12    Str: 14    XL:     11   Next: 82%
Magic:  19/19      EV: 17    Int: 14    God:    Qazlal [***...]
Gold:   622        SH: 14    Dex: 15    Spells: 20/20 levels left

rFire    + . .     SeeInvis .   E - +3 morningstar (flame)
rCold    . . .     Faith    .   p - +1 kite shield
rNeg     . . .     Spirit   .   (armour unavailable)
rPois    +         Reflect  .   (helmet restricted)
rElec    .         Harm     .   v - +1 cloak
rCorr    .         Rampage  .   K - +0 pair of gloves
Will     +....                  n - +1 pair of boots
Stlth    ++........             I - amulet of magic regeneration
HPRegen  0.25/turn              O - ring "Buxtaver" {rPois rF+ Int+2}
MPRegen  0.41/turn              N - +4 ring of evasion

@: no status effects
A: breathe power, AC +7, unfitting armour, cold-blooded
a: Breathe Dispelling Energy, Renounce Religion, Upheaval, Elemental Force


You were on level 11 of the Dungeon.
You worshipped Qazlal.
Qazlal was most pleased with you.
You visited 2 branches of the dungeon, and saw 12 of its levels.
You also visited: Ossuary.

You collected 850 gold pieces.
You spent 228 gold pieces at shops.

Inventory:

Hand Weapons
 a - a +0 mace
 d - a +0 hunting sling
 w - a +0 flail of flaming
 y - a +0 morningstar
 E - a +3 morningstar of flaming (weapon)
 W - the +7 spear "Laumycyv" {vorpal, +Blink rF+}
   (You found it on level 9 of the Dungeon)

   It inflicts extra damage upon your enemies.
   rF:        It protects you from fire.
   +Blink:    It lets you blink.
Missiles
 f - 217 stones (quivered)
 j - 133 sling bullets
 T - a throwing net
Armour
 m - a +0 cloak
 n - a +1 pair of boots (worn)
 p - a +1 kite shield (worn)
 v - a +1 cloak (worn)
 K - a +0 pair of gloves (worn)
Jewellery
 b - a +6 ring of dexterity
 c - a ring of magical power
 g - a ring of willpower
 s - a ring of magical power
 I - an amulet of magic regeneration (around neck)
 N - a +4 ring of evasion (right hand)
 O - the ring "Buxtaver" (left hand) {rPois rF+ Int+2}
   (You found it on level 7 of the Dungeon)

   [ring of protection from fire]

   Int:       It affects your intelligence (+2).
   rF:        It protects you from fire.
   rPois:     It protects you from poison.
 S - an amulet of guardian spirit
 U - a ring of fire
 X - a ring of positive energy
Wands
 R - a wand of charming (10)
 Y - a wand of paralysis (2)
Scrolls
 i - 2 scrolls of fog
 l - a scroll of brand weapon
 o - 2 scrolls of amnesia
 q - 8 scrolls of identify
 A - 11 scrolls of teleportation
 C - a scroll of noise
 D - 2 scrolls of magic mapping
 J - 2 scrolls of fear
Potions
 k - 6 potions of lignification
 r - a potion of berserk rage
 t - a potion of brilliance
 u - 4 potions of curing
 x - 3 potions of attraction {unknown}
 z - 2 potions of degeneration {unknown}
 B - a potion of might {unknown}
 F - 2 potions of cancellation {unknown}
 G - a potion of invisibility {unknown}
 H - 2 potions of flight {unknown}
 L - 2 potions of ambrosia {unknown}
 M - a potion of mutation {unknown}
 Q - a potion of resistance {unknown}


   Skills:
 + Level 8.5 Fighting
 + Level 0.1(0.2) Short Blades
 + Level 0.2 Long Blades
 - Level 9.2 Maces & Flails
 + Level 0.1 Polearms
 + Level 0.1 Bows
 + Level 0.3 Crossbows
 + Level 1.4 Throwing
 + Level 6.6 Dodging
 - Level 2.0 Stealth
 + Level 5.8 Shields
 + Level 5.4 Spellcasting
 * Level 1.2 Conjurations
 + Level 3.0 Hexes
 + Level 0.2 Summonings
 + Level 0.1 Necromancy
 + Level 0.1 Translocations
 + Level 0.1 Transmutations
 + Level 0.8 Fire Magic
 + Level 0.5 Ice Magic
 + Level 0.5 Air Magic
 * Level 1.3 Earth Magic
 + Level 0.2 Poison Magic
 + Level 11.0 Invocations
 - Level 3.8 Evocations


You had 20 spell levels left.
You didn't know any spells.
Your spell library contained the following spells:

 Spells                   Type           Power      Damage    Failure   Level
 Ensorcelled Hibernation  Hex/Ice        16%        N/A       36%         2
 Summon Small Mammal      Summ           16%        N/A       43%         1
 Blink                    Tloc           N/A        N/A       58%         2
 Sublimation of Blood     Necr           2%         N/A       58%         2
 Inner Flame              Hex/Fire       9%         N/A       58%         3
 Summon Guardian Golem    Hex/Summ       8%         N/A       63%         3
 Call Canine Familiar     Summ           4%         N/A       82%         3
 Lesser Beckoning         Tloc           2%         N/A       83%         3
 Spider Form              Tmut/Pois      2%         N/A       83%         3
 Cause Fear               Hex            6%         N/A       83%         4
 Petrify                  Tmut/Erth      5%         N/A       98%         4
 Blade Hands              Tmut           2%         N/A       100%        5
 Irradiate                Conj/Tmut      2%         3d14      100%        5
 Manifold Assault         Tloc           4%         N/A       100%        5
 Iron Shot                Conj/Erth      3%         9d2       100%        6
 Shadow Creatures         Summ           N/A        N/A       100%        6
 Discord                  Hex            6%         N/A       100%        8
 Animate Armour           Summ/Erth      Unusable   N/A       N/A         4

Dungeon Overview and Level Annotations

Branches:
Dungeon (11/15)            Temple (1/1) D:4            Lair (0/6) D:9
    Orc (0/2) D:11        Ossuary (visited)

Altars:
Ashenzari
Cheibriados
Dithmenos
Elyvilon
Fedhas
Gozag
Hepliaklqana
Kikubaaqudgha
Makhleb
Nemelex Xobeh
Okawaru
Qazlal
Ru
Sif Muna
Trog
Uskayaw
Vehumet
Wu Jian
Xom
Yredelemnul
Zin
The Shining One

Shops:
D:5 ?   D:8 *


Innate Abilities, Weirdness & Mutations

You can breathe bolts of dispelling energy.
Your rich purple scales are hard. (AC +7)
You cannot fit into any form of body armour.
You are cold-blooded and may be slowed by cold attacks.


Message History

The orc priest calls down the wrath of Beogh upon you.
You easily resist.
You hit the orc priest but do no damage.
Something hits you.
The orc priest looks braver for a moment.
You hit the orc priest. You burn the orc priest.
The orc priest is lightly wounded.
Something hits you but does no damage. Something hits you.
You block the orc priest's attack.
You puncture the orc priest! You burn the orc priest!
You kill the orc priest!
Qazlal accepts your kill. Something hits you. You block something's attack.
Something hits you!
* * * LOW HITPOINT WARNING * * *
Things that are here:
a +0 dagger; an orc corpse; a howler monkey corpse You start resting.
Something hits you but does no damage. Something hits you.
* * * LOW HITPOINT WARNING * * *
Something barely misses you. Something hits you.
* * * LOW HITPOINT WARNING * * *
Something hits you but does no damage.
You hit something. You burn something. Something closely misses you.
You hit something but do no damage. Something hits you.
* * * LOW HITPOINT WARNING * * *
Something hits you.
* * * LOW HITPOINT WARNING * * *
Something hits you.
* * * LOW HITPOINT WARNING * * *
Things that are here:
a +0 dagger; an orc corpse; a howler monkey corpse
As you read the scroll of teleportation, it crumbles to dust.
You feel strangely unstable. Something hits you but does no damage.
Something closely misses you.
Your surroundings suddenly seem different.
The electric eel shoots out a bolt of lightning at you!
The bolt of electricity hits you!
You die...

#.....#.....$..#.....#####
#.....#....[...#.....#....
#.....#........#.....#...#
#.....#...####.#.....#...#
#.....#...# #.#.....#...#
#.....'...# #.#.....'...#
#######...# #.#....)#...#
.....########..○####.#..........
#....#.........@................
#....#...≈≈≈≈≈≈≈§≈≈°≈≈≈≈≈≈≈≈≈≈≈≈
#....#...≈≈≈≈≈≈≈≈≈≈≈≈≈≈≈≈≈≈≈≈≈≈≈
#....#...≈;#####################
#....#...≈≈#)≈.................)
##....#...≈≈###.................)
......'...≈≈#>.........8......)))
......###.≈≈###...............)).
..>.......≈≈#)≈..................


You could see an electric eel.

Vanquished Creatures
  3 two-headed ogres
  An ugly thing (D:11)
  2 cyclopes
  An unseen horror (D:11)
  Maggie (D:6)
  2 efreet
  A hornet (D:9)
  A meliai zombie (D:11)
  Sigmund (D:6)
  2 wyverns (D:9)
  18 yaks
  3 basilisks (D:9)
  3 steam dragons
  3 acid dragons (D:9)
  A water moccasin (D:9)
  A swamp drake (D:9)
  7 orc warriors
  An ice beast (D:5)
  A necrophage (D:5)
  2 ogres
  5 centaurs
  A phantom (D:7)
  A kobold brigand (D:9)
  A bullfrog (D:9)
  A gnoll sergeant (D:11)
  A wyvern zombie (D:7)
  A scorpion (D:5)
  A water moccasin zombie (D:5)
  A water moccasin skeleton (D:5)
  2 killer bees (D:9)
  4 wights (D:7)
  5 howler monkeys
  7 electric eels
  3 centaur zombies
  2 jellies
  2 hounds
  10 orc priests
  4 centaur skeletons
  3 iguanas
  13 orc wizards
  A hound zombie (D:5)
  A mummy (Ossuary)
  7 adders
  8 gnolls
  3 white imps
  An adder skeleton (D:4)
  4 worms
  A dart slug (D:4)
  49 orcs
  3 spectral bats (Ossuary)
  7 ball pythons
  8 endoplasms
  5 giant cockroaches
  12 gnoll zombies (Ossuary)
  8 hobgoblins
  11 jackals
  21 kobolds
  3 quokkas
  3 bats
  3 frilled lizards
  8 goblins
  4 goblin simulacra (Ossuary)
  3 goblin zombies (Ossuary)
  4 hobgoblin zombies (Ossuary)
  2 kobold simulacra (Ossuary)
  9 kobold zombies (Ossuary)
  2 orc zombies (Ossuary)
  4 rats
  2 rat simulacra (Ossuary)
  3 spectral goblins
  2 spectral kobolds (Ossuary)
  3 spectral rats (Ossuary)
328 creatures vanquished.

Vanquished Creatures (collateral kills)
  A two-headed ogre (D:9)
  A freezing wraith (D:10)
  A slime creature (D:10)
3 creatures vanquished.

Vanquished Creatures (others)
  A yak (D:9)
  An orc wizard (D:11)
  3 orcs
  A kobold (D:9)
  3 plants (D:6)
9 creatures vanquished.

Grand Total: 340 creatures vanquished

Notes
Turn   | Place    | Note
-------+----------+-------------------------------------------
     0 | D:1      | mimimomo the Draconian Monk began the quest for the Orb.
     0 | D:1      | Reached XP level 1. HP: 19/19 MP: 1/1
   407 | D:1      | Reached XP level 2. HP: 26/26 MP: 2/2
   930 | D:2      | Reached XP level 3. HP: 22/33 MP: 3/3
  1264 | D:2      | Reached XP level 4. HP: 30/40 MP: 4/4
  2391 | D:3      | Reached XP level 5. HP: 19/46 MP: 5/5
  3063 | D:3      | Found a faded altar of an unknown god.
  3188 | D:3      | Found a white marble altar of Elyvilon.
  3188 | D:3      | Found a shimmering blue altar of Sif Muna.
  3361 | D:3      | Reached skill level 5 in Maces & Flails
  4018 | D:3      | Reached XP level 6. HP: 45/53 MP: 6/6
  4176 | D:4      | Reached skill level 1 in Shields
  4506 | D:4      | Found a staircase to the Ecumenical Temple.
  4536 | Temple   | Entered the Ecumenical Temple
  5177 | D:5      | Entered Level 5 of the Dungeon
  5204 | D:5      | Found a snail-covered altar of Cheibriados.
  5370 | D:5      | Noticed an ice beast
  5374 | D:5      | Killed an ice beast
  5375 | D:5      | Reached skill level 5 in Fighting
  5375 | D:5      | Your scales start taking on a rich purple colour.
  5375 | D:5      | Reached XP level 7. HP: 61/61 MP: 7/7
  5505 | D:5      | Reached skill level 1 in Spellcasting
  6011 | D:5      | Found Yfiqocki's Magic Scroll Shop.
  6015 | D:5      | Bought a scroll of noise for 10 gold pieces
  6015 | D:5      | Bought a scroll of magic mapping for 35 gold pieces
  6015 | D:5      | Bought a scroll of magic mapping for 35 gold pieces
  6374 | D:6      | Reached skill level 1 in Evocations
  6657 | D:6      | Reached XP level 8. HP: 69/69 MP: 11/11
  6948 | D:6      | Noticed Sigmund
  7054 | D:6      | Noticed Maggie
  7065 | D:6      | Killed Maggie
  7304 | D:6      | Killed Sigmund
  7305 | D:6      | Reached skill level 5 in Dodging
  7530 | D:6      | Reached XP level 9. HP: 78/78 MP: 14/14
  7563 | D:6      | Found a stormy altar of Qazlal.
  7759 | D:6      | Became a worshipper of Qazlal Stormbringer
  7759 | D:6      | Reached * piety under Qazlal
  7759 | D:6      | Reached ** piety under Qazlal
  8025 | D:7      | Reached skill level 1 in Invocations
  8482 | D:7      | Identified the ring "Buxtaver" {rPois rF+ Int+2}
  9136 | D:8      | Noticed a cyclops
  9192 | D:8      | Found Iffewoxy's Assorted Antiques.
  9205 | D:8      | Reached skill level 2 in Invocations
  9216 | D:8      | Killed a cyclops
  9263 | D:8      | Found a sand-covered staircase.
  9286 | Ossuary  | Entered an ossuary
  9402 | Ossuary  | Reached *** piety under Qazlal
  9471 | Ossuary  | Reached XP level 10. HP: 75/88 MP: 16/16
  9822 | D:8      | Bought a twisted fluorescent wand for 148 gold pieces
 10247 | D:9      | Reached skill level 3 in Invocations
 10270 | D:8      | Reached **** piety under Qazlal
 10423 | D:8      | Reached skill level 4 in Invocations
 10591 | D:9      | Reached skill level 5 in Invocations
 10778 | D:9      | Noticed a two-headed ogre
 10778 | D:9      | Noticed a two-headed ogre
 10795 | D:9      | Reached skill level 6 in Invocations
 10899 | D:9      | Killed a two-headed ogre
 10900 | D:9      | Reached skill level 7 in Invocations
 10935 | D:9      | Killed a two-headed ogre
 10936 | D:9      | Reached skill level 8 in Invocations
 10938 | D:9      | Reached skill level 9 in Invocations
 11004 | D:9      | Identified the +7 spear "Laumycyv" {vorpal, +Blink rF+}
 11249 | D:9      | Reached XP level 11. HP: 77/93 MP: 13/18
 11389 | D:9      | Found a staircase to the Lair.
 11403 | D:9      | Reached skill level 10 in Invocations
 12199 | D:10     | Entered Level 10 of the Dungeon
 12256 | D:10     | Reached skill level 1 in Hexes
 13446 | D:11     | Noticed a two-headed ogre
 13446 | D:11     | Noticed a two-headed ogre
 13464 | D:11     | Killed a two-headed ogre
 13465 | D:11     | Reached skill level 5 in Shields
 13492 | D:11     | Killed a two-headed ogre
 13493 | D:11     | Reached skill level 5 in Spellcasting
 14274 | D:11     | Found a staircase to the Orcish Mines.
 14621 | D:11     | Reached skill level 1 in Throwing
 14630 | D:11     | Reached skill level 11 in Invocations
 14740 | D:11     | Noticed a brown ugly thing
 14805 | D:11     | Killed a brown ugly thing
 14862 | D:11     | Reached skill level 1 in Earth Magic
 15303 | D:11     | Reached skill level 1 in Conjurations
 15517 | D:11     | Killed from afar by an electric eel

Illustrated notes

Levels and vault maps discovered:
D:1:      minmay_arrival_open_corners, layout_rooms
D:2:      layout_basic, minivault_5, minmay_hedge_maze, minmay_diced_spiral
D:3:      layout_rooms, gammafunk_temple_overflow_wave,
          dreamdust_ecumenical_altar_drowned_temple, serial_park_tiny_2
D:4:      layout_cave_pools, minmay_temple_entry_statues_fountains
D:5:      layout_basic, kennysheep_slug_shrine, serial_shops,
          nicolae_shop_behind_doors
D:6:      corexii_shack_village, layout_rooms, nicolae_qazlal_eye_of_the_storm,
          uniq_maggie, uniq_sigmund
D:7:      layout_layer_cave
D:8:      layout_cave_pools, lightli_ossuary_entry_decrepit_ruins, serial_shops,
          shop, serial_park, hangedman_decor_clover_reticule, grunt_ogre_cave
D:9:      layout_loops_ring, erik_lair_dragon, kennysheep_nondescript,
          minmay_joined_circles
D:10:     kennysheep_big_flooded_room, layout_small_grid
D:11:     layout_stronghold, erik_orc_2
Temple:   regret_index_temple_mists

Skill      XL: |  1  2  3  4  5  6  7  8  9 10 11 |
---------------+----------------------------------+-----
Maces & Flails | 4 5 6 7 9 |  9.2
Dodging        | 3 4 5 6 |  6.6
Stealth        | 2 |  2.0
Fighting       | 4 5 6 7 8 |  8.5
Shields        | 1 2 3 4 5 |  5.8
Spellcasting   | 2 3 4 5 |  5.4
Evocations     | 1 3 |  3.8
Invocations    | 2 9 11 | 11.0
Hexes          | 3 |  3.0
Throwing       | 1 |  1.4
Earth Magic    | 1 |  1.3
Conjurations   | 1 |  1.2
Short Blades   | |  0.1
Long Blades    | |  0.2
Polearms       | |  0.1
Bows           | |  0.1
Crossbows      | |  0.3
Summonings     | |  0.2
Necromancy     | |  0.1
Translocations | |  0.1
Transmutations | |  0.1
Fire Magic     | |  0.8
Ice Magic      | |  0.5
Air Magic      | |  0.5
Poison Magic   | |  0.2

Action                   |  1- 3 |  4- 6 |  7- 9 | 10-12 || total
-------------------------+-------+-------+-------+-------++-------
Melee: Mace              |   124 |   131 |       |       ||   255
       Tailslap          |    19 |    37 |    42 |    55 ||   153
       Flail             |       |    51 |       |       ||    51
       Morningstar       |       |    44 |   293 |   360 ||   697
Throw: Stone             |       |       |       |    25 ||    25
Invok: Upheaval          |       |       |       |    14 ||    14
       Elemental Force   |       |       |       |     2 ||     2
 Abil: Breathe Dispellin |       |       |     1 |     1 ||     2
Evoke: Wand              |       |     1 |    13 |    22 ||    36
  Use: Potion            |     2 |       |       |     3 ||     5
       Scroll            |       |    11 |     4 |     4 ||    19
 Stab: Sleeping          |     1 |     2 |     3 |       ||     6
       Paralysed         |       |       |       |     2 ||     2
Armor: Skin              |    44 |   121 |    99 |   104 ||   368
Dodge: Dodged            |    93 |   177 |   162 |   214 ||   646
Block: Kite shield       |       |   129 |   213 |   270 ||   612
